Map: [ESL] Site Delta

Players

Dark - Winner!

  • Race: Zerg Zerg
  • Spawn Location: 5:00

Solar

  • Race: Zerg Zerg
  • Spawn Location: 11:00

Event: ESL SC2 Masters 2023 Winter (Finals)

VOD

Have the link to the VOD?

Description

Time

  • Played on: Dec. 15, 2023, 6:03 p.m.
  • Length: 9:39

All games in this series

Show
View Real Time Build Order
Export as new Build Order

Dark Zerg - Winner!

Build Orders: Hatch First 

Get SALT Encoding   

  12  0:00  Drone  
  13  0:11  Overlord  
  13  0:16  Drone  
  14  0:29  Drone x2  
  16  0:47  Hatchery  
  15  0:50  Drone  
  15  0:54  Drone  
  15  0:57  Drone  
  18  1:08  Extractor  
  17  1:12  Spawning Pool  
  17  1:15  Drone  
  18  1:18  Drone  
  18  1:28  Drone  
  19  1:39  Drone  
  20  1:51  Drone  
  21  2:00  Zergling x2, Queen x2  
  26  2:02  Overlord  
  26  2:10  Drone  
  26  2:12  Drone  
  28  2:21  Drone x2  
  30  2:31  Drone  
  30  2:33  Drone  
  32  2:38  Queen  
  32  2:39  Lair  
  32  2:43  Overlord  
  34  2:44  Overlord  
  34  2:50  Extractor  
  33  2:54  Drone x2  
  35  3:09  Drone x8  
  43  3:16  Overlord  
  43  3:17  Drone  
  43  3:19  Extractor  
  43  3:26  Extractor  
  42  3:27  Drone x2  
  44  3:37  Spire  
  44  3:40  Drone  
  44  3:41  Drone x5  
  49  3:44  Drone  
  49  3:45  Drone  
  51  3:49  Metabolic Boost  
  51  3:54  Drone  
  51  3:55  Zergling x2  
  53  4:04  Overlord  
  52  4:12  Hatchery  
  52  4:15  Zergling x10  
  56  4:18  Zergling x2, Overseer  
  56  4:22  Overlord  
  57  4:25  Overlord  
  57  4:29  Drone  
  58  4:39  Overseer  
  58  4:44  Overseer, Drone x2  
  60  4:49  Mutalisk  
  60  4:50  Mutalisk x5  
  72  4:53  Zerg Flyer Weapons Level 1  
  72  5:00  Drone x2  
  72  5:01  Drone x2  
  76  5:12  Mutalisk  
  76  5:13  Mutalisk  
  80  5:17  Extractor  
  80  5:21  Extractor  
  77  5:24  Overlord x2  
  77  5:26  Drone  
  77  5:27  Mutalisk  
  80  5:31  Zergling x2  
  80  5:32  Zergling x6  
  82  5:39  Mutalisk x2  
  86  5:43  Overlord  
  85  5:52  Mutalisk x2  
  85  5:54  Zergling x2  
  90  5:59  Mutalisk  
  90  6:02  Zergling x10  
  97  6:06  Mutalisk  
  97  6:08  Zergling x6  
  102  6:14  Mutalisk  
  102  6:18  Overlord x4  
  104  6:22  Mutalisk  
  106  6:39  Mutalisk x3  
  111  6:44  Zergling x12  
  112  6:51  Mutalisk x2  
  112  6:52  Drone x2  
  117  6:57  Spore Crawler  
  115  7:06  Drone x6  
  113  7:19  Mutalisk  
  113  7:20  Mutalisk x2  
  116  7:25  Mutalisk  
  116  7:27  Zergling x4  
  114  7:33  Overseer  
  114  7:37  Mutalisk x2  
  113  7:47  Mutalisk  
  113  7:48  Zergling x4  
  117  7:53  Mutalisk  
  117  7:58  Zergling x8  
  122  8:06  Overlord  
  112  8:18  Mutalisk  
  112  8:19  Mutalisk x2  
  94  8:34  Mutalisk x2  
  89  8:35  Zergling x10  
  79  8:50  Zergling x4  
  79  8:51  Mutalisk x2  
  83  8:55  Zergling x2  
  83  8:56  Zergling x2  
  83  9:00  Zergling x4  
  86  9:10  Zergling x8  
  86  9:14  Zergling x4  
  86  9:16  Zergling x2  
  92  9:20  Zergling x2  
Show
View Real Time Build Order
Export as new Build Order

Solar Zerg 

Build Orders: Hatch First 

Get SALT Encoding   

  12  0:00  Drone  
  13  0:09  Drone  
  14  0:14  Extractor, Drone  
  15  0:36  Hatchery  
  15  0:41  Extractor, Drone  
  15  0:47  Overlord  
  15  1:02  Spawning Pool  
  14  1:06  Drone  
  14  1:09  Drone  
  16  1:13  Drone  
  16  1:17  Drone  
  18  1:27  Extractor, Drone  
  18  1:38  Drone  
  19  1:49  Queen x2  
  19  1:50  Drone x2  
  25  2:00  Overlord  
  25  2:01  Drone  
  26  2:10  Drone  
  26  2:11  Drone  
  28  2:21  Drone  
  28  2:22  Drone  
  30  2:25  Queen  
  30  2:29  Extractor  
  31  2:30  Lair  
  31  2:31  Drone  
  32  2:37  Overlord  
  32  2:43  Drone x2  
  34  2:54  Drone x2  
  34  2:55  Evolution Chamber  
  34  2:58  Drone x3  
  38  2:59  Drone  
  39  3:09  Drone x2  
  39  3:10  Overlord  
  41  3:13  Drone  
  41  3:19  Roach Warren  
  41  3:22  Drone  
  41  3:23  Drone  
  43  3:31  Spire  
  43  3:33  Extractor  
  41  3:35  Extractor  
  41  3:36  Drone x2  
  41  3:40  Drone x2  
  44  3:44  Drone x2  
  44  3:47  Overlord  
  46  3:51  Drone  
  46  3:53  Drone x2  
  49  3:56  Overlord  
  49  3:58  Drone  
  49  4:01  Glial Reconstitution  
  50  4:05  Drone  
  50  4:08  Zerg Missile Weapons Level 1  
  51  4:10  Overlord  
  51  4:15  Overlord  
  51  4:27  Hatchery  
  50  4:42  Mutalisk x4  
  50  4:45  Mutalisk  
  60  4:47  Drone x2  
  60  4:49  Roach  
  60  4:51  Roach  
  66  4:54  Roach  
  66  4:55  Roach  
  66  4:57  Overlord  
  70  5:00  Drone  
  70  5:01  Roach  
  70  5:04  Roach  
  75  5:09  Roach x2  
  79  5:16  Overlord  
  79  5:26  Corruptor x2  
  83  5:29  Overlord  
  83  5:30  Drone, Overlord  
  83  5:32  Overlord  
  83  5:35  Drone x2  
  86  5:39  Overlord  
  86  5:42  Corruptor  
  88  5:44  Drone  
  88  5:49  Corruptor  
  89  5:50  Extractor  
  89  5:52  Drone  
  89  5:55  Corruptor  
  93  5:58  Drone  
  93  6:01  Drone  
  93  6:03  Corruptor  
  95  6:05  Extractor  
  95  6:07  Drone  
  95  6:10  Corruptor  
  99  6:13  Drone x2  
  99  6:18  Overlord  
  101  6:19  Corruptor  
  101  6:22  Drone  
  104  6:26  Corruptor  
  104  6:30  Drone  
  105  6:34  Corruptor  
  105  6:37  Drone, Overlord  
  108  6:43  Corruptor  
  108  6:45  Drone  
  111  6:48  Corruptor  
  111  6:54  Corruptor  
  111  6:56  Overlord  
  111  6:58  Roach x2  
  117  7:05  Roach x3  
  119  7:11  Roach x2  
  119  7:12  Roach  
  121  7:15  Roach  
  115  7:23  Roach x2  
  115  7:29  Corruptor  
  115  7:39  Corruptor  
  115  7:43  Roach  
  118  7:46  Corruptor  
  120  7:51  Queen  
  120  7:53  Roach  
  120  7:58  Corruptor  
  120  8:01  Overlord  
  122  8:05  Overlord  
  122  8:13  Corruptor  
  112  8:20  Corruptor  
  112  8:23  Drone x3  
  113  8:32  Corruptor x2  
  101  8:41  Corruptor  
  101  8:46  Corruptor  
  101  8:48  Corruptor  
  97  8:55  Roach x2  
  97  8:57  Roach  
  97  9:00  Roach  
  97  9:04  Roach x2  
  87  9:10  Extractor  
Tags
 
Add a new tag
Caveats
  • Supply blocks, unpowered buildings, or Contaminate may cause inaccurate times.
  • Supply counts are checked every 10 seconds.